 Dungeon Crawl Stone Soup version 0.23-a0-644-gb60d84b635 (webtiles) character file.

58451 Napalmbreeze the Alchemist (level 14, -11/114 HPs)
             Began as a Black Draconian Transmuter on Jan 2, 2019.
             Was a High Priest of Hepliaklqana.
             Mangled by a skeletal warrior
             ... wielding a +0 glaive
              (16 damage)
             ... on level 13 of the Dungeon.
             The game lasted 01:28:24 (26363 turns).

Napalmbreeze the Alchemist (DrTm)                  Turns: 26363, Time: 01:28:25

Health: -11/114    AC: 12    Str: 14    XL:     14   Next: 49%
Magic:  20/26      EV: 12    Int: 18    God:    Hepliaklqana [*****.]
Gold:   1426       SH:  3    Dex: 11    Spells: 14/29 levels left

rFire    x . .     SeeInvis .     - Unarmed
rCold    . . .     Gourm    .   (shield currently unavailable)
rNeg     + . .     Faith    .   (armour unavailable)
rPois    .         Spirit   .   G - +1 hat of the Hurricane {rF- rN+ Slay+3}
rElec    +         Reflect  +   (no cloak)
rCorr    .         Harm     .   (gloves currently unavailable)
MR       +....                  w - +2 pair of boots
Stlth    +.........             Q - +3 amulet of reflection
HPRegen  0.29/turn              F - ring of wizardry
MPRegen  0.20/turn              A - +1 ring of slaying

@: blade hands, flying
A: breathe lightning, unfitting armour, reduced essence, big wings, electricity
resistance, cold-blooded, AC +8
a: Breathe Lightning, Stop Flying, End Transformation, Recall Ancestor, Ancestor
Identity, Transference, Idealise, Renounce Religion


You were on level 13 of the Dungeon.
You worshipped Hepliaklqana.
Hepliaklqana was extremely pleased with you.
You were hungry.
You had blades for hands.
You visited 3 branches of the dungeon, and saw 20 of its levels.
You also visited: Sewer and Ice Cave.

You collected 1876 gold pieces.
You spent 450 gold pieces at shops.

Inventory:

Missiles
 a - 185 arrows (quivered)
Armour
 w - a +2 pair of boots (worn)
 G - the +1 hat of the Hurricane (worn) {rF- rN+ Slay+3}
   (You found it in an ice cave)

   It affects your accuracy and damage with ranged weapons and melee attacks
   (+3).
   It makes you vulnerable to fire.
   It protects you from negative energy.
Jewellery
 g - an uncursed amulet of guardian spirit
 A - a +1 ring of slaying (right scythe-like blade)
 B - an uncursed ring of fire
 E - an uncursed ring of ice
 F - a ring of wizardry (left scythe-like blade)
 Q - a +3 amulet of reflection (around neck)
Wands
 n - a wand of iceblast (9)
 t - a wand of scattershot (3)
 D - a wand of flame (5)
 L - a wand of paralysis (8)
 M - a wand of digging (5)
Scrolls
 f - 12 scrolls of remove curse
 h - 3 scrolls of magic mapping
 i - 15 scrolls of teleportation
 k - a scroll of blinking
 l - 5 scrolls of enchant armour
 m - a scroll of identify
 o - 2 scrolls of enchant weapon
 p - 2 scrolls of fog
 r - 6 scrolls of fear
 u - 3 scrolls of amnesia
 x - a scroll of silence
 y - a scroll of torment
 C - a scroll of holy word
 P - a scroll of summoning {unknown}
Potions
 b - 3 potions of haste
 d - 2 potions of lignification
 e - a potion of brilliance
 j - 2 potions of resistance
 q - 4 potions of magic
 s - a potion of cancellation {unknown}
 v - 2 potions of berserk rage
 z - a potion of degeneration {unknown}
 H - 5 potions of mutation
 I - a potion of might {unknown}
 K - 2 potions of invisibility
 O - a potion of curing
Miscellaneous
 N - a lamp of fire
Comestibles
 c - 30 rations
 J - 15 chunks of flesh


   Skills:
 + Level 12.3 Fighting
 - Level 1.7 Dodging
 + Level 12.3 Unarmed Combat
 + Level 8.4 Spellcasting
 - Level 15.0 Transmutations
 - Level 4.0 Ice Magic
 - Level 2.0 Poison Magic
 + Level 8.6 Invocations


You had 14 spell levels left.
You knew the following spells:

 Your Spells              Type           Power        Failure   Level  Hunger
a - Beastly Appendage     Tmut           ######       1%          1    None
d - Spider Form           Tmut/Pois      #####.....   6%          3    None
f - Blade Hands           Tmut           ######....   4%          5    #####..
q - Ice Form              Ice/Tmut       #####...     9%          4    ###....
s - Sticks to Snakes      Tmut           ######..     1%          2    None

Your spell library contained the following spells:

 Spells                   Type           Power        Failure   Level  Hunger
 Ignite Poison            Fire/Tmut/Pois ####....     10%         3    None
 Petrify                  Tmut/Erth      ####....     12%         4    ###....
 Alistair's Intoxication  Tmut/Pois      #####...     17%         5    #####..
 Confusing Touch          Hex            #.....       21%         1    None
 Flame Tongue             Conj/Fire      #....        21%         1    None
 Magic Dart               Conj           #...         21%         1    None
 Irradiate                Conj/Tmut      ####......   22%         5    #####..
 Yara's Violent Unravell  Hex/Tmut       ####......   22%         5    #####..
 Blink                    Tloc           N/A          26%         2    None
 Call Imp                 Summ           #.......     26%         2    None
 Slow                     Hex            #.......     26%         2    None
 Sublimation of Blood     Necr           #.........   26%         2    None
 Throw Flame              Conj/Fire      #.....       26%         2    None
 Mephitic Cloud           Conj/Pois/Air  ##......     32%         3    None
 Confuse                  Hex            #.......     38%         3    None
 Conjure Flame            Conj/Fire      #.......     38%         3    None
 Gell's Gravitas          Tloc           #.........   38%         3    None
 Inner Flame              Hex/Fire       #.......     38%         3    None
 Sticky Flame             Conj/Fire      #.......     67%         4    ###....
 Metabolic Englaciation   Hex/Ice        ##........   73%         5    #####..
 Fireball                 Conj/Fire      #.........   90%         5    #####..


Dungeon Overview and Level Annotations

Branches:
Dungeon (13/15)            Temple (1/1) D:4            Lair (6/6) D:9
 Shoals (0/4) Lair:2       Spider (0/4) Lair:3        Slime (0/5) Lair:6
    Orc (0/2) D:9
 Vaults: D:13-14

Altars:
Ashenzari
Cheibriados
Dithmenos
Elyvilon
Fedhas
Gozag
Hepliaklqana
Kikubaaqudgha
Makhleb
Nemelex Xobeh
Okawaru
Qazlal
Ru
Sif Muna
Trog
Uskayaw
Vehumet
Wu Jian
Xom
Yredelemnul
Zin
The Shining One
Jiyva

Shops:
D:6 *   D:8 *   D:11 *

Annotations:
D:4 2 transporters, guttsta's ghost, amateur GnSk
D:6 3 runed doors, MirrMurr's ghost, novice GnSk; feta's ghost, novice OpTm; hemabe's ghost, novice HuAr


Innate Abilities, Weirdness & Mutations

You can breathe wild blasts of lightning.
Your glossy black scales are hard. (AC +8)
You cannot fit into any form of body armour.
Your large and strong wings let you fly indefinitely.
You are resistant to electric shocks. (rElec)
You are cold-blooded and may be slowed by cold attacks.
Your life essence is reduced to manifest your ancestor. (-10% HP)


Message History

Unknown command.
Okay, then.
Unknown command.
Evoke which item? (* to show all) (? for menu, Esc to quit)
Aiming: Scattershot
Press: ? - help, Shift-Dir - straight line, f/p - skeletal warrior
Aim: a skeletal warrior, wielding a +0 glaive (severely damaged)
The burst of metal fragments hits the skeletal warrior. x3
The skeletal warrior is almost destroyed.
The skeletal warrior closely misses you.
Your adder barely misses the skeletal warrior.
Evoke which item? (* to show all) (? for menu, Esc to quit)
Aiming: Scattershot
Press: ? - help, Shift-Dir - straight line, f/p - skeletal warrior
Aim: a skeletal warrior, wielding a +0 glaive (almost destroyed)
The burst of metal fragments hits the skeletal warrior. x2
The skeletal warrior is almost destroyed.
Your adder barely misses the skeletal warrior.
The skeletal warrior hits you with a +0 glaive!
You die...

### #.# ###.#
#...# #.#.# #.#.#
#####.###.#
#.#####@z...#...#
#.....'S#####.#[#
#######S#.....#.#
#.###.###.#
#.....#...#
#######.###
#####....#
#######
#.......##
#.....#
###.......#


You could see a skeletal warrior and 2 friendly adders.

Vanquished Creatures
  A frost giant (IceCv)
  4 hydras
  A two-headed ogre (D:12)
  A death yak (Lair:4)
  4 skeletal warriors (D:12)
  An unseen horror (D:13)
  An oklob plant (Lair:6)
  5 ugly things
  A manticore (D:11)
  4 elephants (Lair:6)
  2 cyclopes
  A rust devil (D:12)
  3 black mambas
  An ice statue (IceCv)
  17 spiny frogs
  A gargoyle (D:11)
  A torpor snail (Lair:4)
  2 rime drakes (Lair:2)
  5 komodo dragons
  A troll (D:8)
  A jumping spider (Lair:3)
  A hornet (D:8)
  8 polar bears
  17 blink frogs
  5 tyrant leeches (Lair:6)
  7 hippogriffs
  Sigmund (D:3)
  2 redbacks (Lair:3)
  2 wyverns
  21 yaks
  A steam dragon (D:11)
  2 hungry ghosts
  Grum (Lair:1)
  A basilisk (Lair:2)
  5 vampire mosquitoes (Lair:6)
  A soldier ant (D:10)
  16 porcupines
  9 water moccasins
  Purgy (Sewer)
  8 orc warriors
  2 ice beasts
  3 sky beasts
  2 black bears
  An eye of draining (D:11)
  3 phantoms
  24 wolves
  3 ogres
  7 centaurs
  A necrophage (D:12)
  8 crocodiles
  6 big kobolds
  24 bullfrogs
  3 gnoll sergeants
  A wyvern zombie (D:11)
  2 scorpions
  2 killer bees (D:10)
  5 wights (D:12)
  An electric eel (Lair:4)
  7 howler monkeys
  3 crimson imps
  2 lava snakes (D:9)
  2 bullfrog zombies
  2 centaur zombies
  2 quasits
  6 hounds
  5 jellies
  5 orc priests
  10 orc wizards
  A gnoll shaman (D:6)
  3 centaur skeletons
  2 iguanas
  4 iron imps (D:12)
  A bullfrog skeleton (D:7)
  5 hell rats (Lair:5)
  8 worker ants
  2 killer bee zombies
  A hound zombie (D:11)
  A hound skeleton (D:7)
  A mummy (D:7)
  A worker ant zombie (D:7)
  16 adders
  16 gnolls
  2 shadow imps
  2 oozes
  2 worms (D:3)
  3 leopard geckos
  35 orcs
  A giant cockroach (D:1)
  5 goblins
  10 hobgoblins
  9 jackals
  4 quokkas
  5 ball pythons
  3 bats
  5 frilled lizards
  2 jackal skeletons (D:4)
  20 kobolds
  7 rats
486 creatures vanquished.

Vanquished Creatures (collateral kills)
  Gastronok (D:8)
  A hydra (Lair:1)
  A two-headed ogre (D:10)
  2 unseen horrors
  A merfolk siren (Lair:2)
  2 black mambas
  2 spiny frogs (Lair:6)
  A centaur skeleton (D:6)
  7 polar bears (IceCv)
  A troll (D:8)
  3 blink frogs
  A redback (Lair:3)
  4 yaks
  A wraith (D:12)
  A basilisk (Lair:3)
  A vampire mosquito (Lair:6)
  A water moccasin (Lair:5)
  2 orc warriors
  An eye of draining (D:12)
  A sky beast (D:5)
  An ogre (D:8)
  4 wolves
  A centaur (D:12)
  3 crocodiles
  A big kobold (D:12)
  A gnoll sergeant (D:8)
  5 bullfrogs
  7 scorpions
  A killer bee (D:10)
  An electric eel (D:8)
  4 wights (D:6)
  A howler monkey (D:10)
  A crimson imp (D:7)
  A centaur zombie (D:10)
  2 orc priests
  A jelly (D:6)
  2 bullfrog skeletons
  2 hounds (D:8)
  3 iguanas
  2 orc wizards
  4 worker ants
  Terence (D:2)
  A worker ant zombie (D:5)
  5 adders
  4 gnolls
  A shadow imp (D:8)
  An adder skeleton (D:8)
  A leopard gecko (D:5)
  7 orcs
  2 ball pythons (Sewer)
  5 jackals
  A frilled lizard (D:5)
  A giant cockroach zombie (D:6)
  5 kobolds
  A fungus (Lair:6)
  A plant (Lair:6)
120 creatures vanquished.

Vanquished Creatures (others)
  An eye of draining (D:10)
  An orc wizard (D:10)
  A worker ant (D:8)
  12 hexers
  A hound skeleton (D:10)
  A gnoll (D:11)
  4 ancestors
  25 fungi
  42 plants
88 creatures vanquished.

Grand Total: 694 creatures vanquished

Notes
Turn   | Place    | Note
-------+----------+-------------------------------------------
     0 | D:1      | Napalmbreeze the Draconian Transmuter began the quest for
                  | the Orb.
     0 | D:1      | Reached XP level 1. HP: 16/16 MP: 3/3
   367 | D:1      | Reached XP level 2. HP: 23/23 MP: 5/5
   396 | D:1      | Learned a level 2 spell: Sticks to Snakes
   809 | D:1      | You fall through a shaft!
  1180 | D:1      | Reached XP level 3. HP: 24/29 MP: 6/6
  1191 | D:1      | Learned a level 3 spell: Spider Form
  1419 | D:2      | Noticed Terence
  1430 | D:2      | Killed Terence
  1740 | D:2      | Found a hide-covered altar of Uskayaw.
  2001 | D:2      | Reached XP level 4. HP: 37/37 MP: 7/7
  2579 | D:3      | Noticed Sigmund
  3362 | D:3      | Killed Sigmund
  3362 | D:3      | Reached skill level 3 in Transmutations
  3362 | D:3      | Reached XP level 5. HP: 46/46 MP: 6/9
  3362 | D:3      | Reached XP level 6. HP: 52/52 MP: 6/10
  3526 | D:4      | Found a staircase to the Ecumenical Temple.
  3550 | Temple   | Entered the Ecumenical Temple
  3568 | Temple   | Became a worshipper of Hepliaklqana the Forgotten
  3637 | D:4      | Found a glowing drain.
  3675 | Sewer    | Entered a sewer
  3695 | Sewer    | Reached skill level 1 in Poison Magic
  3703 | Sewer    | Noticed Purgy
  3719 | Sewer    | Killed Purgy
  3719 | Sewer    | Reached skill level 5 in Fighting
  3719 | Sewer    | Your scales start taking on a glossy black colour.
  3719 | Sewer    | Reached XP level 7. HP: 23/54 MP: 2/12
  3719 | Sewer    | Gained mutation: You are resistant to electric shocks.
                  | (rElec) [Black Draconian growth]
  4017 | D:4      | Noticed guttsta's ghost (amateur GnSk)
  4018 | D:4      | Found a transporter.
  4019 | D:4      | Identified the +10 dire flail of Outrage {drain, +Inv rElec
                  | rC-}
  4022 | D:4      | Found a transporter.
  4422 | D:5      | Entered Level 5 of the Dungeon
  4540 | D:5      | Learned a level 4 spell: Ice Form
  4566 | D:5      | Reached * piety under Hepliaklqana
  4581 | D:5      | Reached skill level 4 in Transmutations
  4835 | D:5      | Reached skill level 1 in Ice Magic
  5014 | D:5      | Reached XP level 8. HP: 60/63 MP: 6/14
  5393 | D:6      | Found a runed gate.
  5393 | D:6      | Found a runed gate.
  5402 | D:6      | Reached skill level 5 in Unarmed Combat
  5411 | D:6      | Found a runed gate.
  5426 | D:6      | Noticed MirrMurr's ghost (novice GnSk)
  5426 | D:6      | Noticed hemabe's ghost (novice HuAr)
  5426 | D:6      | Noticed feta's ghost (novice OpTm)
  5518 | D:6      | Reached skill level 5 in Transmutations
  5955 | D:6      | Reached skill level 6 in Transmutations
  5966 | D:6      | Found an opulent altar of Gozag.
  5967 | D:6      | Found Gozag's Platinum Reserve.
  6123 | D:6      | Found an iron altar of Okawaru.
  6188 | D:6      | Reached ** piety under Hepliaklqana
  6394 | D:7      | Reached XP level 9. HP: 37/67 MP: 8/16
  6397 | D:7      | Reached skill level 5 in Spellcasting
  7031 | D:7      | Reached skill level 7 in Transmutations
  7333 | D:7      | Found a shadowy altar of Dithmenos.
  7333 | D:7      | Found a glowing silver altar of Zin.
  7799 | D:7      | Reached skill level 8 in Transmutations
  8059 | D:7      | Found a snail-covered altar of Cheibriados.
  8955 | D:8      | Remembered your ancestor Harambe as a hexer
  9228 | D:8      | Found Muidgh's Assorted Antiques.
  9245 | D:8      | Reached XP level 10. HP: 75/75 MP: 13/18
  9254 | D:8      | Bought a pair of runed boots for 217 gold pieces
  9254 | D:8      | Bought an opal ring for 145 gold pieces
  9481 | D:9      | Reached *** piety under Hepliaklqana
  9481 | D:9      | Found a staircase to the Lair.
  9488 | D:9      | Noticed Gastronok
  9880 | D:8      | Killed Gastronok
  9880 | D:8      | Reached skill level 9 in Transmutations
 10757 | D:9      | Found a staircase to the Orcish Mines.
 11567 | D:9      | Reached XP level 11. HP: 85/85 MP: 15/21
 11614 | D:10     | Entered Level 10 of the Dungeon
 11876 | D:10     | Identified the +4 hand axe of Eternal Vigilance {freeze,
                  | rElec}
 11904 | D:10     | Reached skill level 1 in Invocations
 12052 | D:10     | Killed an unseen horror
 12124 | D:10     | Noticed a two-headed ogre
 12196 | D:10     | Killed a two-headed ogre
 12557 | Lair:1   | Entered Level 1 of the Lair of Beasts
 12568 | Lair:1   | Reached skill level 10 in Transmutations
 12605 | Lair:1   | Reached **** piety under Hepliaklqana
 12853 | Lair:1   | Noticed a seven-headed hydra
 12864 | Lair:1   | Killed a seven-headed hydra
 13006 | Lair:1   | Noticed Grum
 13025 | Lair:1   | Killed Grum
 13117 | Lair:1   | Noticed a four-headed hydra
 13129 | Lair:1   | Killed a four-headed hydra
 14097 | Lair:2   | Found a frozen archway.
 14105 | Lair:2   | Reached XP level 12. HP: 95/95 MP: 18/24
 14115 | IceCv    | Entered an ice cave
 14171 | IceCv    | Reached skill level 10 in Unarmed Combat
 14171 | IceCv    | Reached skill level 5 in Invocations
 14506 | IceCv    | Reached skill level 10 in Fighting
 15293 | IceCv    | Reached skill level 11 in Transmutations
 15757 | IceCv    | Learned a level 5 spell: Blade Hands
 15780 | IceCv    | Noticed a frost giant
 15806 | IceCv    | Killed a frost giant
 16206 | IceCv    | Got a steaming hat
 16213 | IceCv    | Identified the +1 hat of the Hurricane {rF- rN+ Slay+3}
                  | (You found it in an ice cave)
 16692 | Lair:2   | Found a staircase to the Shoals.
 17720 | Lair:3   | Found a hole to the Spider Nest.
 18115 | Lair:3   | Noticed a four-headed hydra
 18124 | Lair:3   | Killed a four-headed hydra
 18394 | Lair:4   | Reached XP level 13. HP: 84/104 MP: 16/25
 19345 | Lair:4   | Identified a scroll of acquirement
 19925 | Lair:5   | Reached skill level 12 in Transmutations
 20015 | Lair:5   | Reached ***** piety under Hepliaklqana
 21346 | Lair:6   | Entered Level 6 of the Lair of Beasts
 21363 | Lair:6   | HP: 2/105 [spiny frog (15)]
 21369 | Lair:6   | HP: 5/105 [poisoned by a spiny frog]
 21372 | Lair:6   | HP: 1/105 [poisoned by a spiny frog]
 21381 | Lair:6   | HP: 6/159 [spiny frog (8)]
 21402 | Lair:6   | HP: 7/159 [bullfrog (5)]
 22267 | Lair:6   | Reached skill level 13 in Transmutations
 23181 | Lair:6   | Reached skill level 14 in Transmutations
 23525 | Lair:6   | Gained mutation: Your large and strong wings let you fly
                  | indefinitely. [Black Draconian growth]
 23525 | Lair:6   | Reached XP level 14. HP: 113/113 MP: 17/26
 23585 | Lair:6   | Found a viscous altar of Jiyva.
 23586 | Lair:6   | Found a staircase to the Slime Pits.
 24103 | D:11     | Found a flagged portal.
 24165 | D:11     | Found Isileq's Assorted Antiques.
 24168 | D:11     | Bought a ring of protection for 44 gold pieces
 24168 | D:11     | Bought a scroll of identify for 44 gold pieces
 24788 | D:12     | Reached skill level 15 in Transmutations
 25174 | D:12     | Found a basalt altar of Yredelemnul.
 26360 | D:13     | HP: 4/114 [skeletal warrior/+0 glaive (20)]
 26363 | D:13     | Mangled by a skeletal warrior

Vault maps used:
D:1:      saegor_arrival_simple_c
D:2:      lemuel_crystal_altar, uniq_terence
D:3:      uniq_sigmund
D:4:      minmay_temple_entry_statues_pillars, gammafunk_ghost_smash,
          portal_sewer_entry_d
D:5:      first_ration, hangedman_decor_growths
D:6:      nicolae_gozag_zags_fifth_avenue, okawaru_gym_becter,
          gammafunk_ghost_cemetery
D:7:      minmay_polygon_palace, gammafunk_temple_overflow_statue, slow_altar_2
D:8:      serial_shops, shop_statue, serial_co_window_serial, co_window_paths_a,
          co_window_corner_a, co_window_paths_a, co_window_paths_b,
          co_window_corner_a, co_window_of_opportunity_c, co_window_broadway_a,
          co_window_unsneaky_path_c, co_window_paths_d, glass_columns_a,
          glass_columns_a
D:9:      lair_entry_dummy, kennysheep_orc_monster_closet_entryway,
          blue_anna_alchemist, kennysheep_cluttered_room, uniq_gastronok
D:10:     minivault_12
D:11:     enter_bailey_6, serial_shops, kennysheep_mini_moat
D:12:     lemuel_hellish_altar
D:13:     grunt_vaults_entry_tiered, serial_shops, nicolae_shop_behind_doors,
          minmay_another_anthill
Temple:   lightli_temple_of_artemis
Lair:1:   uniq_grum
Lair:2:   minmay_shoals_entry_lonely_mermaid, portal_ice_cave_rime,
          serial_bayou_shore_b
Lair:3:   spider_nest_entry_funnel_web
Lair:4:   infiniplex_staircase_pool
Lair:5:   serial_bayou_shore_b
Lair:6:   minmay_lair_end_frog_pond, dpeg_slime_entry_enclosed_altar,
          serial_bayou_shore_b
Sewer:    sewer_co_purgy_island
IceCv:    ice_cave_small_giant

Skill      XL: |  1  2  3  4  5  6  7  8  9 10 11 12 13 14 |
---------------+-------------------------------------------+-----
Fighting       | 2 4 5 6 8 9 11 12 | 12.3
Unarmed Combat | 4 5 7 8 9 11 12 | 12.3
Spellcasting   | 3 4 5 7 8 |  8.4
Transmutations | 3 4 6 8 9 10 11 14 15 | 15.0
Poison Magic   | 1 2 |  2.0
Ice Magic      | 1 3 4 |  4.0
Invocations    | 4 7 8 |  8.6
Dodging        | |  1.7

Action                   |  1- 3 |  4- 6 |  7- 9 | 10-12 | 13-15 || total
-------------------------+-------+-------+-------+-------+-------++-------
Melee: Unarmed           |   115 |   134 |   360 |   599 |   574 ||  1782
       Punch             |     2 |       |     4 |     4 |    16 ||    26
       Tailslap          |    11 |     6 |    30 |    11 |    49 ||   107
 Cast: Sticks to Snakes  |     7 |    10 |    51 |     8 |    36 ||   112
       Spider Form       |       |     7 |    13 |    20 |     4 ||    44
       Ice Form          |       |       |    10 |    34 |    12 ||    56
       Blade Hands       |       |       |       |     8 |    42 ||    50
Invok: Ancestor Identity |       |     1 |     1 |     1 |       ||     3
       Recall Ancestor   |       |       |     1 |     2 |       ||     3
       Ancestor Life: He |       |       |     1 |       |       ||     1
 Abil: Breathe Lightning |       |       |     2 |     1 |       ||     3
       Fly               |       |       |       |       |     1 ||     1
Evoke: Wand              |       |       |       |    12 |     2 ||    14
  Use: Scroll            |     2 |     4 |     1 |     4 |    19 ||    30
       Potion            |       |       |       |     3 |    11 ||    14
 Stab: Sleeping          |     1 |     1 |       |     1 |     1 ||     4
       Distracted        |     1 |       |     1 |     7 |     8 ||    17
       Confused          |       |       |       |     7 |     5 ||    12
  Eat: Chunk             |     3 |     4 |    19 |    23 |    33 ||    82
       Ration            |       |     1 |     1 |     4 |     2 ||     8
Armor: Skin              |    30 |    22 |    73 |   134 |   154 ||   413
Dodge: Dodged            |    64 |   108 |   243 |   396 |   257 ||  1068
Block: Other             |       |       |       |       |    52 ||    52
       Reflection        |       |       |       |       |     3 ||     3

Table legend:
 A = Non-vault XP
 B = Vault XP
 C = Vault XP percentage of total XP
 D = Non-vault monster count
 E = Vault monster count
 F = Vault count percentage of total count
                 A         B        C        D         E       F
            +---------+---------+-------+---------+---------+-------
      Total |   53133 |   30369 |  36.4 |     458 |     147 |  24.3
            +---------+---------+-------+---------+---------+-------
        D:1 |      39 |       0 |   0.0 |      24 |       0 |   0.0
        D:2 |      38 |      27 |  41.5 |      10 |       1 |   9.1
        D:3 |      79 |     238 |  75.1 |      18 |       1 |   5.3
        D:4 |     202 |      13 |   6.0 |       9 |       1 |  10.0
        D:5 |     707 |       0 |   0.0 |      33 |       0 |   0.0
        D:6 |    1127 |       0 |   0.0 |      30 |       0 |   0.0
        D:7 |     938 |     721 |  43.5 |      27 |      11 |  28.9
        D:8 |    1940 |    2905 |  60.0 |      25 |       6 |  19.4
        D:9 |     979 |     915 |  48.3 |      18 |      16 |  47.1
       D:10 |    3158 |       0 |   0.0 |      41 |       0 |   0.0
       D:11 |    4001 |       0 |   0.0 |      32 |       0 |   0.0
       D:12 |    9979 |     609 |   5.8 |      59 |       5 |   7.8
       D:13 |    2661 |       0 |   0.0 |      11 |       0 |   0.0
     Lair:1 |    6005 |     661 |   9.9 |      21 |       5 |  19.2
     Lair:2 |    1915 |    1173 |  38.0 |      11 |       3 |  21.4
     Lair:3 |    3151 |     949 |  23.1 |      11 |       4 |  26.7
     Lair:4 |    5940 |       0 |   0.0 |      30 |       0 |   0.0
     Lair:5 |    4728 |       0 |   0.0 |      27 |       0 |   0.0
     Lair:6 |    5546 |   12644 |  69.5 |      21 |      50 |  70.4
      Sewer |       0 |     145 | 100.0 |       0 |       8 | 100.0
      IceCv |       0 |    9369 | 100.0 |       0 |      36 | 100.0
            +---------+---------+-------+---------+---------+-------
